 Dungeon Crawl Stone Soup version 0.18-a0-917-g8a3da5b (webtiles) character file.

56 filipzpl the Insei (level 3, 0/26 HPs)
             Began as a Merfolk Transmuter on Dec 26, 2015.
             Succumbed to an adder's poison
             ... on level 2 of the Dungeon.
             The game lasted 00:03:41 (1292 turns).

filipzpl the Insei (Merfolk Transmuter)             Turns: 1292, Time: 00:03:41

Health: 0/26       AC:  2    Str: 10    XL:     3   Next: 95%
Magic:  6/6        EV: 13    Int: 13    God:
Gold:   86         SH:  0    Dex: 14    Spells: 2 memorised, 2 levels left

rFire  . . .     SeeInvis .       - Unarmed
rCold  . . .     Gourm    .     b - +0 robe
rNeg   . . .     Faith    .     (no shield)
rPois  .         Spirit   .     (no helmet)
rElec  .         Dismiss  .     (no cloak)
rCorr  .         Reflect  .     (no gloves)
SustAt .         Harm     .     (no boots)
MR     .....                    (no amulet)
Stlth  +.........               (no ring)
                                (no ring)

@: lethally poisoned (0 -> -5), invisible, not resistant to hostile
enchantments, very unstealthy
A: change form in water, swift swim
a: no special abilities


You were on level 2 of the Dungeon.
You were hungry.

You visited 1 branch of the dungeon, and saw 2 of its levels.

You collected 86 gold pieces.

Inventory:

Missiles
 a - 22 arrows
Armour
 b - a +0 robe (worn)
Scrolls
 g - a scroll of identify {unknown}
 h - a scroll of magic mapping {unknown}
 j - a scroll of teleportation {unknown}
 k - 2 scrolls of remove curse {unknown}
 n - a scroll of noise {unknown}
Potions
 i - a potion of curing {unknown}
 l - 2 potions of brilliance {unknown}
 m - a potion of agility {unknown}
Books
 c - a book of Changes

   Spells                             Type                      Level
   a - Beastly Appendage              Transmutation                1
   b - Sticks to Snakes               Transmutation                2
   c - Spider Form                    Transmutation/Poison         3
   d - Ice Form                       Ice/Transmutation            4
   e - Blade Hands                    Transmutation                5
Comestibles
 d - a bread ration
 f - a meat ration


   Skills:
 - Level 1.1 Fighting
 - Level 2.6 Dodging
 - Level 4.5 Unarmed Combat
 - Level 2.0 Spellcasting
 + Level 3.3 Transmutations
 + Level 1.4 Poison Magic


You had 2 spell levels left.
You knew the following spells:

 Your Spells              Type           Power        Failure   Level  Hunger
a - Beastly Appendage     Trmt           ##....       10%         1    ##.....
b - Spider Form           Trmt/Pois      #.........   34%         3    ####...


Dungeon Overview and Level Annotations

Branches:
Dungeon (2/15)

Altars:

Annotations:
D:2 Sigmund


Message History

The adder bites you.
You miss the adder.
The adder is heavily wounded.
You feel sick. The adder bites you.
* * * LOW HITPOINT WARNING * * *
The adder bites you.
* * * LOW HITPOINT WARNING * * *
You are more poisoned.
The adder poisons you!
* * * LOW HITPOINT WARNING * * *
You feel sick.
* * * LOW HITPOINT WARNING * * *
You feel sick. The adder barely misses you.
* * * LOW HITPOINT WARNING * * *
You feel sick.
Drink which item? (? for menu, Esc to quit)
It was a potion of invisibility.
You fade into invisibility!
You die...

..#........#.......##
...........<).......#
............).......#
.....(............).#
..>.................#
....................#
###.................#
#.................#
#....<...@........#
#########S........#
#.........#
##.......## ##.....##
##..<### #.....#
#.....# #.....#


You could see an adder.

Vanquished Creatures
  2 adders (D:2)
  A giant gecko (D:1)
  5 bats
  5 hobgoblins
  6 kobolds (D:1)
  A quokka (D:2)
  3 giant cockroaches (D:1)
  3 giant newts (D:1)
  3 goblins
  3 jackals (D:1)
  3 rats
35 creatures vanquished.

Notes
Turn   | Place    | Note
--------------------------------------------------------------
     0 | D:1      | filipzpl the Merfolk Transmuter began the quest for the Orb.
     0 | D:1      | Reached XP level 1. HP: 15/15 MP: 3/3
   119 | D:1      | Reached XP level 2. HP: 19/21 MP: 5/5
   141 | D:1      | Reached skill level 4 in Unarmed Combat
   544 | D:1      | Reached XP level 3. HP: 17/26 MP: 6/6
   772 | D:1      | Learned a level 3 spell: Spider Form
   998 | D:2      | Reached skill level 1 in Poison Magic
  1272 | D:2      | Noticed Sigmund
  1290 | D:2      | HP: 1/26 [poisoned by an adder]
  1292 | D:2      | Succumbed to an adder's poison

Vault maps used:
D:1:      lemuel_arrival_behind_the_door_small, dk_noncrumbling_4
D:2:      uniq_sigmund

Action                   || total
-------------------------++-------
Melee: Unarmed           ||   140
 Cast: Beastly Appendage ||     1
       Spider Form       ||     1
  Use: Potion            ||     1
  Eat: Chunk             ||     1
